 Dungeon Crawl Stone Soup version 0.29.1-2-gbd0b4ee654 (webtiles) character file.

Game seed: 11103699121191570852

16919 GorkyZ the Basher (level 12, -2/74 HPs)
             Began as a Gargoyle Gladiator on Dec 1, 2022.
             Was an Initiate of Gozag.
             Killed by divine providence
             ... invoked by an orc high priest
              (18 damage)
             ... on level 2 of the Orcish Mines.
             The game lasted 00:46:58 (14364 turns).

GorkyZ the Basher (Gargoyle Gladiator)             Turns: 14364, Time: 00:47:00

Health: -2/74      AC: 33    Str: 24    XL:     12   Next: 42%
Magic:  12/12      EV:  9    Int: 11    God:    Gozag
Gold:   2476       SH: 14    Dex: 11    Spells: 11/11 levels left

rFire   . . .      SeeInvis +   M - +2 demon whip (venom)
rCold   . . .      Faith    .   I - +0 tower shield
rNeg    + . .      Spirit   .   s - +0 scale mail of Instinct {Harm Int+3 Slay+2}
rPois   ∞          Reflect  .   u - +2 helmet {SInv}
rElec   +          Harm     +   J - +2 cloak {rCorr}
rCorr   +          Rampage  .   g - +0 pair of gloves
Will    +....                   (no boots)
Stlth   ..........              (no amulet)
HPRegen 0.00/turn               O - +4 ring of protection
MPRegen 0.13/turn               t - ring "Kotiwot" {rPois Will+ AC+4}

@: about to teleport, gold aura, inhibited regen, studying Maces & Flails
A: sickness immunity, AC +8, negative energy resistance 1, electricity
resistance, torment resistance 1, petrification resistance, inhibited
regeneration
a: Renounce Religion, Potion Petition, Call Merchant, Bribe Branch


You were on level 2 of the Orcish Mines.
You worshipped Gozag.
Gozag was most pleased with you.
You visited 3 branches of the dungeon, and saw 14 of its levels.

You collected 2718 gold pieces.
You spent 156 gold pieces at shops.
You paid 86 gold pieces to Gozag.

Inventory:

Hand Weapons
 A - a +3 whip of chaos
 C - the +8 trishula "Condemnation" {holy, anguish, *Noise Fly rN+}
   (You found it on level 5 of the Dungeon)

   It has been blessed by the Shining One to cause great damage to the undead
   and demons.
   It inflicts anguish, making its victims' attacks reflect back on them.
   rN:        It protects you from negative energy.
   Fly:       It grants you flight.
   *Noise:    It may make noises in combat.
 M - a +2 demon whip of venom (weapon)
 Q - a +4 morningstar
 W - a +1 dire flail of protection
Missiles
 d - 3 throwing nets
 e - a javelin
 x - 6 datura-tipped darts
 D - 36 poisoned darts
 E - 4 curare-tipped darts
 P - 10 boomerangs (quivered)
Armour
 c - a +0 helmet
 g - a +0 pair of gloves (worn)
 s - the +0 scale mail of Instinct (worn) {Harm Int+3 Slay+2}
   (You found it on level 2 of the Dungeon)

   Int:       It affects your intelligence (+3).
   Slay:      It affects your accuracy & damage with ranged weapons and melee
   (+2).
   Harm:      It increases damage dealt and taken.
 u - a +2 helmet of see invisible (worn)
 I - a +0 tower shield (worn)
 J - a +2 cloak of preservation (worn)
Jewellery
 m - a +6 ring of dexterity
 t - the ring "Kotiwot" (right hand) {rPois Will+ AC+4}
   (You found it on level 3 of the Dungeon)

   [ring of protection]

   AC:        It affects your AC (+4).
   rPois:     It protects you from poison.
   Will:      It increases your willpower.
 O - a +4 ring of protection (left hand)
Wands
 F - a wand of flame (14)
 L - a wand of digging (2)
 N - a wand of iceblast (4)
 T - a wand of quicksilver (5)
Scrolls
 h - a scroll of vulnerability
 k - a scroll of silence
 o - 2 scrolls of magic mapping
 B - 2 scrolls of identify
 G - a scroll of teleportation
 U - a scroll of fear
Potions
 n - 5 potions of flight
 v - a potion of mutation
 w - 2 potions of attraction
 H - 3 potions of might
 R - a potion of brilliance
 S - a potion of cancellation
 V - 2 potions of magic


   Skills:
 + Level 8.2 Fighting
 - Level 3.3(8.2) Axes
 * Level 12.7(13.0) Maces & Flails
 - Level 0.9(2.6) Polearms
 - Level 1.9(8.4) Staves
 + Level 6.9 Throwing
 + Level 8.0 Armour
 + Level 6.5 Dodging
 + Level 7.8 Shields
 + Level 6.3 Evocations


You had 11 spell levels left.
You didn't know any spells.
Your spell library contained the following spells:

 Spells                   Type           Power      Damage    Failure   Level
 Freeze                   Ice            0%         1d3       99%         1
 Sandblast                Erth           0%         2d4       99%         1
 Passwall                 Tmut/Erth      0%         N/A       100%        2
 Poisonous Vapours        Pois/Air       0%         N/A       100%        2
 Conjure Flame            Conj/Fire      0%         6-21      100%        3
 Dazzling Flash           Conj/Hex       0%         N/A       100%        3
 Frozen Ramparts          Ice            0%         1d1       100%        3
 Ignite Poison            Fire/Tmut/Pois 0%         N/A       100%        3
 Stone Arrow              Conj/Erth      0%         3d7       100%        3
 Hailstorm                Conj/Ice       0%         3d3       100%        4
 Ice Form                 Ice/Tmut       0%         N/A       100%        4
 Iskenderun's Mystic Bla  Conj/Tloc      0%         2d3       100%        4
 Sticky Flame             Conj/Fire      0%         2d3       100%        4
 Summon Lightning Spire   Summ/Air       0%         N/A       100%        4
 Iskenderun's Battlesphe  Conj           0%         2d6       100%        5
 Lightning Bolt           Conj/Air       0%         1d11      100%        5
 Starburst                Conj/Fire      0%         6d3       100%        6
 Storm Form               Tmut/Air       0%         N/A       100%        7
 Maxwell's Capacitive Co  Air            0%         ∞         100%        8
 Corpse Rot               Necr/Pois/Air  Unusable   N/A       N/A         4
 Simulacrum               Ice/Necr       Unusable   N/A       N/A         6

Dungeon Overview and Level Annotations

Branches:
Dungeon (11/15)            Temple (1/1) D:5            Lair (0/5) D:11
    Orc (2/2) D:11
    Elf: Orc:2

Altars:
Ashenzari
Cheibriados
Dithmenos
Elyvilon
Fedhas
Gozag
Hepliaklqana
Kikubaaqudgha
Makhleb
Nemelex Xobeh
Okawaru
Qazlal
Ru
Sif Muna
Trog
Uskayaw
Vehumet
Wu Jian
Xom
Yredelemnul
Zin
The Shining One

Shops:
D:7 (   D:8 [   Orc:1 ?   Orc:2 (


Innate Abilities, Weirdness & Mutations

You are immune to sickness and miasma.
Your stone body is resilient. (AC +8)
You are immune to poison.
You resist negative energy. (rN+)
You are resistant to electric shocks. (rElec)
You are resistant to unholy torment.
You are immune to petrification.
You do not regenerate when monsters are visible.


Message History

The orc knight roars a battlecry!
The orcs go into a battle-frenzy!
The orc high priest mumbles some strange prayers to Beogh.
The chaos spawn is engulfed in poison gas.
The chaos spawn looks even sicker.
You feel better.
The chaos spawn degenerates into a cloud of primal chaos!
You block the orc knight's attack. The orc wizard casts a spell at you.
The magic dart hits you.
* * * LOW HITPOINT WARNING * * *
You block the orc high priest's attack.
The chaos spawn is engulfed in poison gas.
The chaos spawn looks even sicker.
As you read the scroll of teleportation, it crumbles to dust.
You feel strangely unstable.
The chaos spawn is engulfed in poison gas.
The chaos spawn looks as sick as possible!
The orc knight hits you but does no damage.
The orc high priest calls upon Beogh to heal the orc knight.
The orc knight is healed somewhat.
You block the orc wizard's attack.
You hear a shout! x2
You closely miss the orc high priest.
The orc high priest is lightly wounded.
You hear a shout!
The chaos spawn is engulfed in poison gas.
The chaos spawn looks as sick as possible!
You kill the chaos spawn!
The chaos spawn degenerates into a cloud of primal chaos!
The orc high priest hits you but does no damage.
The orc wizard hits you with a +0 dagger.
* * * LOW HITPOINT WARNING * * *
The orc knight completely misses you.
You hit the orc high priest.
The orc high priest looks as sick as possible!
The orc high priest is lightly wounded.
The orc high priest mumbles some strange prayers to Beogh against you.
Beogh smites you!
You die...
Your body crumbles into a pile of gold.

. $ #. .. ###### .##
##§☼@o# ....
##○○##oo○○§# ....
........# #☼☼##oo3°§°○#
#...
........###○##o..##○#○○#
.... ........##§.##..##
.# §# #...
........##.##... . ....
........##.##... # ....
........##.##..o #..
........##.#####.. ....


You could see an orc knight (poisoned), a soul eater (summoned), an orc high
priest (strong, extremely poisoned), an orc warrior (strong) and an orc wizard
(strong).

Vanquished Creatures
  Gastronok (D:11)
  A hydra (D:11)
  A boulder beetle (D:11)
  An orc high priest (Orc:2)
  Amaemon (D:7)
  An obsidian statue (D:9)
  An orc sorcerer (Orc:2)
  2 cyclopes (D:11)
  A manticore (D:11)
  Maurice (D:8)
  Maggie (D:8)
  A gargoyle (D:11)
  An orange demon (D:8)
  Psyche (D:11)
  2 unseen horrors
  6 trolls
  A wyvern (D:9)
  2 wraiths
  A yak (D:11)
  Eustachio (D:5)
  A steam dragon (D:8)
  5 acid dragons
  A warg (Orc:1)
  A water moccasin (D:7)
  10 orc warriors
  7 black bears
  3 ice beasts
  5 ogres
  2 phantoms (D:6)
  7 centaurs
  8 kobold brigands
  A bullfrog (D:11)
  2 necrophages
  4 gnoll sergeants
  A scorpion (D:5)
  10 wights
  16 killer bees
  An electric eel (D:6)
  2 howler monkeys
  4 hounds
  Crazy Yiuf (D:7)
  A gnoll bouda (D:9)
  6 orc priests
  5 iguanas
  11 orc wizards
  13 gnolls
  5 adders
  4 shadow imps
  4 white imps
  6 ufetubi (D:4)
  6 worms
  A dart slug (D:8)
  42 orcs
  9 ball pythons
  7 endoplasms
  A giant cockroach (D:4)
  9 goblins
  9 hobgoblins
  34 kobolds
  8 quokkas
  3 bats
  4 frilled lizards
  21 rats
329 creatures vanquished.

Vanquished Creatures (others)
  An ogre (D:6)
  3 demonic plants (D:4)
  17 fungi (D:11)
  19 plants (D:11)
40 creatures vanquished.

Grand Total: 369 creatures vanquished

Notes
Turn   | Place    | Note
-------+----------+-------------------------------------------
     0 | D:1      | GorkyZ the Gargoyle Gladiator began the quest for the Orb.
     0 | D:1      | Reached XP level 1. HP: 12/12 MP: 1/1
   312 | D:1      | Reached XP level 2. HP: 17/17 MP: 2/2
   432 | D:1      | Got the Vademecum on Conflict
   815 | D:1      | Reached XP level 3. HP: 19/22 MP: 3/3
  1162 | D:2      | Reached skill level 1 in Armour
  1659 | D:2      | Reached skill level 1 in Shields
  1683 | D:2      | Reached XP level 4. HP: 20/27 MP: 4/4
  1970 | D:2      | Identified the +0 scale mail of Instinct {Harm Int+3
                  | Slay+2}
  1985 | D:2      | Reached skill level 1 in Evocations
  2192 | D:3      | Identified the ring "Kotiwot" {rPois Will+ AC+4}
  2240 | D:3      | Found a faded altar of an unknown god.
  3227 | D:4      | Noticed an ogre
  3233 | D:4      | Killed an ogre
  3234 | D:4      | Reached skill level 1 in Staves
  3234 | D:4      | Reached XP level 5. HP: 18/32 MP: 5/5
  3683 | D:4      | Reached XP level 6. HP: 29/37 MP: 6/6
  3765 | D:4      | Reached skill level 1 in Maces & Flails
  3922 | D:4      | Found a large runed translucent door.
  3922 | D:4      | Found a large runed translucent door.
  3927 | D:4      | Found a shimmering altar of Xom.
  4015 | D:4      | Noticed a black bear
  4020 | D:4      | Killed a black bear
  4272 | D:5      | Entered Level 5 of the Dungeon
  4310 | D:5      | Noticed Eustachio
  4316 | D:5      | Noticed a black bear
  4323 | D:5      | Reached XP level 7. HP: 39/41 MP: 7/7
  4347 | D:5      | Killed Eustachio
  4348 | D:5      | Reached skill level 2 in Maces & Flails
  4486 | D:5      | Found a staircase to the Ecumenical Temple.
  4501 | Temple   | Entered the Ecumenical Temple
  4598 | Temple   | Became a worshipper of Gozag Ym Sagoz the Greedy
  4644 | D:5      | Reached XP level 8. HP: 48/48 MP: 8/8
  4670 | D:5      | Reached skill level 3 in Maces & Flails
  4935 | D:5      | Found a sparkling altar of Nemelex Xobeh.
  4975 | D:5      | Found the +8 trishula "Condemnation" {holy, anguish, *Noise
                  | Fly rN+}
  5018 | D:5      | Found a shadowy altar of Dithmenos.
  5096 | D:5      | Found a shimmering altar of Xom.
  5096 | D:5      | Found a broken altar of Ashenzari.
  5098 | D:5      | Found a shimmering altar of Xom.
  5098 | D:5      | Found a white marble altar of Elyvilon.
  5098 | D:5      | Found a glowing silver altar of Zin.
  5188 | D:6      | Reached skill level 4 in Maces & Flails
  5723 | D:6      | Reached XP level 9. HP: 53/53 MP: 9/9
  5790 | D:6      | Reached skill level 5 in Fighting
  5799 | D:6      | Found a hide-covered altar of Uskayaw.
  6053 | D:7      | Reached skill level 5 in Maces & Flails
  6141 | D:7      | Found Inouc's Weapon Shoppe.
  6355 | D:7      | Found a runed translucent door.
  6356 | D:7      | Noticed Crazy Yiuf
  6470 | D:7      | Found a broken altar of Ashenzari.
  6877 | D:7      | Found a stormy altar of Qazlal.
  6927 | D:7      | Found a white marble altar of Elyvilon.
  7285 | D:7      | Killed Crazy Yiuf
  7286 | D:7      | Reached skill level 5 in Armour
  7409 | D:8      | Reached skill level 5 in Shields
  7412 | D:8      | Reached skill level 6 in Maces & Flails
  7572 | D:8      | HP: 2/54 [steam dragon/ball of steam (13)]
  7577 | D:8      | Noticed Maggie
  7906 | D:8      | Killed Maggie
  7997 | D:8      | Reached skill level 7 in Maces & Flails
  7997 | D:8      | Reached XP level 10. HP: 60/60 MP: 10/10
  8037 | D:8      | Noticed Amaemon
  8037 | D:8      | Noticed an orange demon
  8115 | D:7      | Killed Amaemon
  8116 | D:7      | Reached skill level 5 in Throwing
  8330 | D:8      | Killed an orange demon
  8331 | D:8      | Reached skill level 5 in Dodging
  8352 | D:8      | Found a snail-covered altar of Cheibriados.
  8374 | D:8      | Noticed Maurice
  8394 | D:8      | Killed Maurice
  8395 | D:8      | Reached skill level 8 in Maces & Flails
  8676 | D:8      | Found Taster's Armour Boutique.
  8758 | D:9      | Noticed an obsidian statue
  8761 | D:9      | Noticed an orange demon
  8945 | D:9      | Noticed an orange demon
  8950 | D:9      | Gained mutation: You do not regenerate when monsters are
                  | visible. [a neqoxec]
  8951 | D:9      | Killed an obsidian statue
  9076 | D:9      | Found a burning altar of Makhleb.
  9335 | D:9      | Reached skill level 9 in Maces & Flails
  9358 | D:9      | Reached skill level 5 in Evocations
  9460 | D:9      | Found a radiant altar of Vehumet.
  9981 | D:10     | Entered Level 10 of the Dungeon
 10004 | D:10     | Reached XP level 11. HP: 64/66 MP: 11/11
 10705 | D:10     | Reached skill level 10 in Maces & Flails
 11106 | D:11     | Noticed a six-headed hydra
 11118 | D:11     | Killed a six-headed hydra
 11346 | D:11     | Noticed a cyclops
 11355 | D:11     | Killed a cyclops
 11443 | D:11     | Noticed Psyche
 11443 | D:11     | Noticed a cyclops
 11452 | D:11     | Killed a cyclops
 11458 | D:11     | Killed Psyche
 11669 | D:11     | Reached skill level 11 in Maces & Flails
 11708 | D:11     | Noticed a manticore
 11722 | D:11     | Killed a manticore
 11808 | D:11     | Noticed a boulder beetle
 11819 | D:11     | HP: 1/67 [boulder beetle (19)]
 11820 | D:11     | Killed a boulder beetle
 12071 | D:11     | Found a staircase to the Lair.
 12162 | D:11     | Found a staircase to the Orcish Mines.
 12255 | D:11     | HP: 3/68 [orc warrior/+0 glaive (10)]
 12616 | D:11     | Reached XP level 12. HP: 73/73 MP: 12/12
 13102 | D:11     | Noticed Gastronok
 13114 | D:11     | Killed Gastronok
 13115 | D:11     | Reached skill level 12 in Maces & Flails
 13269 | Orc:1    | Entered Level 1 of the Orcish Mines
 13622 | Orc:1    | Found Efruos's Magic Scroll Shop.
 13630 | Orc:1    | Bought a scroll of identify for 26 gold pieces
 13630 | Orc:1    | Bought a scroll of identify for 26 gold pieces
 13630 | Orc:1    | Bought a scroll of identify for 26 gold pieces
 13630 | Orc:1    | Bought a scroll of poison for 52 gold pieces
 13630 | Orc:1    | Bought a scroll of identify for 26 gold pieces
 13804 | Orc:2    | Entered Level 2 of the Orcish Mines
 14315 | Orc:2    | Found Petifug's Weapon Emporium.
 14330 | Orc:2    | Noticed an orc high priest
 14332 | Orc:2    | Noticed an orc high priest
 14356 | Orc:2    | Killed an orc high priest
 14361 | Orc:2    | Noticed a soul eater
 14364 | Orc:2    | Killed from afar by an orc high priest

Illustrated notes

Levels and vault maps discovered:
D:1:      saegor_arrival_under_anarchy, layout_basic, minmay_misc_feat_five,
          chequers_garden
D:2:      layout_loops_ring
D:3:      layout_loops_corners, chequers_ecumenical_altar_simple_redux,
          minmay_misc_feat_tiny, minmay_rat_hole
D:4:      due_chaos_kobolds, layout_basic, serial_demonic, serial_demonic_g,
          serial_demonic_a, serial_demonic_f, serial_demonic_a
D:5:      layout_rooms, doesnt_xom_only_xom, marbit_many_paths,
          minmay_temple_entry_tees, uniq_eustachio
D:6:      layout_loops_ring, nicolae_uskayaw_dance_studio, serial_bayou_lake_a
D:7:      layout_layer_cave, mainiacjoe_overflow_brackets,
          mainiacjoe_overflow_large_starburst, serial_shops,
          nicolae_shop_hallway_plus, uniq_crazy_yiuf_cottage
D:8:      layout_gridville, kennysheep_slug_shrine, serial_shops,
          kennysheep_mini_moat, uniq_amaemon, uniq_maggie, uniq_maurice
D:9:      layout_roguey, bloody_makhleb, mainiacjoe_overflow_cross_hatched,
          minivault_16, minmay_orc_keep
D:10:     layout_long_grid, serial_glass, glass_columns_a, glass_columns_c,
          glass_columns_b, feat_on_display, due_unseen_surprise
D:11:     minmay_evil_eye, layout_basic, grunt_lair_entry_orc_guard_hut,
          kennysheep_orc_monster_closet_entryway, serial_rivers,
          chequers_serial_rivers_marsh, chequers_serial_rivers_large_a,
          chequers_serial_rivers_marsh, chequers_serial_rivers_small_b,
          uniq_psyche, uniq_gastronok
Temple:   nicolae_temple_bog_church
Orc:1:    layout_caves, serial_shops, shop, mines2_david
Orc:2:    st_orc_elflike, layout_caves, serial_shops, nicolae_shop_hallway_plus

Skill      XL: |  1  2  3  4  5  6  7  8  9 10 11 12 |
---------------+-------------------------------------+-----
Throwing       | 2 3 4 5 6 |  6.9
Armour         | 1 2 3 4 5 6 7 8 |  8.0
Shields        | 1 2 3 4 5 6 7 |  7.8
Evocations     | 1 2 3 4 5 6 |  6.3
Axes           | 3 |  3.3
Staves         | 1 |  1.9
Fighting       | 3 4 5 6 7 8 |  8.2
Dodging        | 3 4 5 6 |  6.5
Maces & Flails | 1 2 4 7 9 11 12 | 12.7
Polearms       | |  0.9

Action                   |  1- 3 |  4- 6 |  7- 9 | 10-12 || total
-------------------------+-------+-------+-------+-------++-------
Melee: War axe           |    46 |       |       |       ||    46
       Quarterstaff      |    57 |   170 |       |       ||   227
       Whip              |       |    20 |   138 |    27 ||   185
       Trishula          |       |       |    68 |       ||    68
       Punch             |       |       |     2 |       ||     2
       Demon whip        |       |       |       |   569 ||   569
Throw: Boomerang         |       |       |       |    22 ||    22
  Use: Scroll            |       |    12 |       |    17 ||    29
       Potion            |       |       |     1 |    10 ||    11
 Stab: Sleeping          |     2 |       |       |       ||     2
       Distracted        |       |       |     2 |     2 ||     4
Armor: Leather armour    |    55 |     8 |       |       ||    63
       Scale mail        |       |   151 |   163 |   384 ||   698
Dodge: Dodged            |    66 |   198 |   159 |   197 ||   620
Block: Tower shield      |       |       |    89 |   537 ||   626
